| TOP OF THE 1ST |
|
Miami Marlins batting - Pitching for Milwaukee Brewers : RHP Daryl Scott
|
|
Pitching: RHP Daryl Scott
|
|
|
Batting: RHB Edgardo Franco
|
0-0: Ball 1-0: Swinging Strike 1-1: Foul Ball, location: 25FF 1-2: Reached on error, E4 (Groundball, 4M, EV 103.1 MPH)
|
|
Batting: RHB Kurt Daniel
|
0-0: Ball 1-0: Ball 2-0: Swinging Strike 2-1: Grounds into double play, 6-4-3 (Groundball, 6, EV 88.8 MPH)
|
|
Batting: LHB Alan O'Keefe
|
0-0: Ball 1-0: SINGLE (Line Drive, 78S, EV 93.1 MPH)
|
|
Batting: RHB Sam Jones
|
0-0: Swinging Strike 0-1: Called Strike 0-2: Ball 1-2: SINGLE (Groundball, 34D, EV 100.6 MPH) Alan O'Keefe to second Runner from 2nd tries for 3rd, SAFE, throw by RF made at trailing runner, OUT! 9-3-6
|
| Top of the 1st over - 0 runs, 2 hits, 1 error, 1 left on base; Miami 0 - Milwaukee 0 |
| BOTTOM OF THE 1ST |
|
Milwaukee Brewers batting - Pitching for Miami Marlins : RHP Marcus Stroman
|
|
Pitching: RHP Marcus Stroman
|
|
|
Batting: RHB Jim Smith
|
0-0: Called Strike 0-1: Ball 1-1: Ball 2-1: Fly out, F8 (Line Drive, 8LS, EV 96.9 MPH)
|
|
Batting: RHB Dave Thomas
|
0-0: Fly out, F6 (Popup, 6S, EV 78.1 MPH)
|
|
Batting: LHB Billy Wood
|
0-0: Ball 1-0: Ball 2-0: Foul Ball, location: 25F 2-1: DOUBLE (Line Drive, 9LD, EV 108.1 MPH)
|
|
Batting: LHB Christian Yelich
|
0-0: Called Strike 0-1: Called Strike Balk! Billy Wood to third 0-2: Ball 1-2: Ground out 5-3 (Groundball, 5, EV 91.3 MPH)
|
| Bottom of the 1st over - 0 runs, 1 hit, 0 errors, 1 left on base; Miami 0 - Milwaukee 0 |
| TOP OF THE 2ND |
|
Miami Marlins batting - Pitching for Milwaukee Brewers : RHP Daryl Scott
|
|
Batting: LHB Daryl Hatfield
|
0-0: Foul Ball, location: 2F 0-1: Foul Ball, location: 3F 0-2: Foul Ball, location: 2F 0-2: Strikes out swinging
|
|
Batting: SHB Bob MacKerchar
|
0-0: Ball 1-0: Foul Ball, location: 3FF 1-1: Called Strike 1-2: Fly out, F9 (Flyball, 9D, EV 107.5 MPH)
|
|
Batting: RHB Milton Ramos
|
0-0: Ball 1-0: Ball 2-0: Foul Ball, location: 23F 2-1: Foul Ball, location: 2F 2-2: Ball 3-2: Foul Ball, location: 2F 3-2: Foul Ball, location: 3SF 3-2: Fly out, F5 (Line Drive, 56, EV 71.3 MPH)
|
| Top of the 2nd over - 0 runs, 0 hits, 0 errors, 0 left on base; Miami 0 - Milwaukee 0 |
| BOTTOM OF THE 2ND |
|
Milwaukee Brewers batting - Pitching for Miami Marlins : RHP Marcus Stroman
|
|
Batting: RHB Kevin Thompson
|
0-0: Swinging Strike 0-1: Foul Ball, location: 3SF 0-2: Ball 1-2: Fly out, F7 (Flyball, 7D, EV 98.1 MPH)
|
|
Batting: RHB Steve Sanders
|
0-0: Foul Ball, location: 2F 0-1: Hit by Pitch
|
|
Batting: RHB Tim Campbell
|
0-0: Called Strike 0-1: Ball 1-1: Ball 2-1: Foul Ball, location: 5F 2-2: Foul Ball, location: 2F 2-2: Ball 3-2: Strikes out swinging
|
|
Batting: RHB Christian Arroyo
|
0-0: Called Strike 0-1: Fielders Choice at 2nd, 6-4 (Groundball, 6, EV 86.9 MPH)
|
| Bottom of the 2nd over - 0 runs, 0 hits, 0 errors, 1 left on base; Miami 0 - Milwaukee 0 |
| TOP OF THE 3RD |
|
Miami Marlins batting - Pitching for Milwaukee Brewers : RHP Daryl Scott
|
|
Batting: RHB Dusty Lawrence
|
0-0: Ground out 5-3 (Groundball, 56, EV 96.3 MPH)
|
|
Batting: RHB Kris Thompson
|
0-0: Ball 1-0: Fly out, F5 (Popup, 5SF, EV 79.4 MPH)
|
|
Batting: RHB Edgardo Franco
|
0-0: Swinging Strike 0-1: Ball 1-1: Ball 2-1: Foul Ball, location: 5FF 2-2: Ball 3-2: Base on Balls
|
|
Batting: RHB Kurt Daniel
|
0-0: Ball 1-0: Called Strike 1-1: Called Strike Edgardo Franco is caught stealing 2nd base 2-4
|
| Top of the 3rd over - 0 runs, 0 hits, 0 errors, 0 left on base; Miami 0 - Milwaukee 0 |
| BOTTOM OF THE 3RD |
|
Milwaukee Brewers batting - Pitching for Miami Marlins : RHP Marcus Stroman
|
|
Batting: RHB A.J. Jimenez
|
0-0: SINGLE (Line Drive, 34, EV 101.9 MPH)
|
|
Batting: RHB Jim Smith
|
0-0: Ball 1-0: Foul Ball, location: 9LSF 1-1: SINGLE (Groundball, 56D, EV 100.6 MPH) (infield hit) A.J. Jimenez to second
|
|
Batting: RHB Dave Thomas
|
0-0: Sac Bunt to 2L - play at first, batter OUT! 2-3 A.J. Jimenez to third Jim Smith to second
|
|
Batting: LHB Billy Wood
|
0-0: Fly out, F9 (Line Drive, 9, EV 94.4 MPH) Runner from 3rd tags up, SCORES, throw by RF Jim Smith to third
|
|
Batting: LHB Christian Yelich
|
0-0: Ball 1-0: Called Strike 1-1: Foul Ball, location: 7LDF 1-2: Ball 2-2: Ball 3-2: Base on Balls
|
|
Batting: RHB Kevin Thompson
|
0-0: Ball 1-0: Foul Ball, location: 9LDF 1-1: Called Strike 1-2: Ball 2-2: Ball 3-2: Foul Ball, location: 2F 3-2: Strikes out looking
|
| Bottom of the 3rd over - 1 run, 2 hits, 0 errors, 2 left on base; Miami 0 - Milwaukee 1 |
| TOP OF THE 4TH |
|
Miami Marlins batting - Pitching for Milwaukee Brewers : RHP Daryl Scott
|
|
Batting: RHB Kurt Daniel
|
0-0: Ball 1-0: Called Strike 1-1: Ball 2-1: Ball 3-1: Base on Balls
|
|
Batting: LHB Alan O'Keefe
|
0-0: Ball 1-0: Foul Ball, location: 2F 1-1: Foul Ball, location: 5DF 1-2: Ball 2-2: Ball 3-2: Strikes out swinging
|
|
Batting: RHB Sam Jones
|
0-0: Called Strike 0-1: Ball 1-1: SINGLE (Line Drive, 89M, EV 97.5 MPH) Kurt Daniel to second
|
|
Batting: LHB Daryl Hatfield
|
0-0: Ball 1-0: Ball 2-0: Foul Ball, location: 2F 2-1: Fly out, F9 (Flyball, 9, EV 98.8 MPH)
|
|
Batting: SHB Bob MacKerchar
|
0-0: Ball 1-0: Called Strike 1-1: Fly out, F7 (Line Drive, 7S, EV 105.6 MPH)
|
| Top of the 4th over - 0 runs, 1 hit, 0 errors, 2 left on base; Miami 0 - Milwaukee 1 |
| BOTTOM OF THE 4TH |
|
Milwaukee Brewers batting - Pitching for Miami Marlins : RHP Marcus Stroman
|
|
Batting: RHB Steve Sanders
|
0-0: Ball 1-0: Ball 2-0: Called Strike 2-1: Ground out 6-3 (Groundball, 6M, EV 83.1 MPH)
|
|
Batting: RHB Tim Campbell
|
0-0: Ball 1-0: DOUBLE (Groundball, 3L, EV 101.9 MPH)
|
|
Batting: RHB Christian Arroyo
|
0-0: Ball 1-0: Ground out 5-3 (Groundball, 56, EV 105.0 MPH)
|
|
Batting: RHB A.J. Jimenez
|
0-0: Ball 1-0: SINGLE (Groundball, 4S, EV 61.3 MPH) (infield hit) Tim Campbell to third
|
|
Batting: RHB Jim Smith
|
0-0: Called Strike 0-1: Ball 1-1: Swinging Strike 1-2: Ball 2-2: Strikes out looking
|
| Bottom of the 4th over - 0 runs, 2 hits, 0 errors, 2 left on base; Miami 0 - Milwaukee 1 |
| TOP OF THE 5TH |
|
Miami Marlins batting - Pitching for Milwaukee Brewers : RHP Daryl Scott
|
|
Batting: RHB Milton Ramos
|
0-0: Ground out 3-1 (Groundball, 34, EV 100.6 MPH)
|
|
Batting: RHB Dusty Lawrence
|
0-0: Foul Ball, location: 23F 0-1: Foul Ball, location: 7LSF 0-2: Strikes out swinging, 2-3 out at first.
|
|
Batting: RHB Kris Thompson
|
0-0: Ball 1-0: Ball 2-0: Called Strike 2-1: Ball 3-1: SINGLE (Line Drive, 7S, EV 98.8 MPH)
|
|
Batting: RHB Edgardo Franco
|
0-0: Foul Ball, location: 2F 0-1: Ball 1-1: Foul Ball, location: 23FF 1-2: Foul Ball, location: 5F 1-2: Strikes out swinging
|
| Top of the 5th over - 0 runs, 1 hit, 0 errors, 1 left on base; Miami 0 - Milwaukee 1 |
| BOTTOM OF THE 5TH |
|
Milwaukee Brewers batting - Pitching for Miami Marlins : RHP Marcus Stroman
|
|
Batting: RHB Dave Thomas
|
0-0: Ground out 3-1 (Groundball, 34S, EV 80.6 MPH)
|
|
Batting: LHB Billy Wood
|
0-0: Foul Ball, location: 3F 0-1: Fly out, F3 (Line Drive, 3L, EV 71.3 MPH)
|
|
Batting: LHB Christian Yelich
|
0-0: Called Strike 0-1: Called Strike 0-2: Ball 1-2: Strikes out swinging
|
| Bottom of the 5th over - 0 runs, 0 hits, 0 errors, 0 left on base; Miami 0 - Milwaukee 1 |
| TOP OF THE 6TH |
|
Miami Marlins batting - Pitching for Milwaukee Brewers : RHP Daryl Scott
|
|
Batting: RHB Kurt Daniel
|
0-0: Called Strike 0-1: Ball 1-1: Foul Ball, location: 3DF 1-2: Ground out 6-3 (Groundball, 6, EV 80.6 MPH)
|
|
Batting: LHB Alan O'Keefe
|
0-0: Swinging Strike 0-1: Foul Ball, location: 7LSF 0-2: Foul Ball, location: 7LDF 0-2: Foul Ball, location: 2F 0-2: Foul Ball, location: 2F 0-2: Ball 1-2: DOUBLE (Line Drive, 5D, EV 96.9 MPH)
|
|
Batting: RHB Sam Jones
|
0-0: Ball 1-0: Ball 2-0: Ball 3-0: Called Strike 3-1: Foul Ball, location: 2F 3-2: Fly out, F9 (Line Drive, 9, EV 92.5 MPH) Runner from 2nd tags up, SAFE at 3rd with throw by RF
|
|
Batting: LHB Daryl Hatfield
|
0-0: Called Strike 0-1: Ball 1-1: Ground out U3 (Groundball, 3, EV 100.0 MPH)
|
| Top of the 6th over - 0 runs, 1 hit, 0 errors, 1 left on base; Miami 0 - Milwaukee 1 |
| BOTTOM OF THE 6TH |
|
Milwaukee Brewers batting - Pitching for Miami Marlins : RHP Marcus Stroman
|
|
Batting: RHB Kevin Thompson
|
0-0: Ball 1-0: Ball 2-0: Ground out 6-3 (Groundball, 6M, EV 104.4 MPH)
|
|
Batting: RHB Steve Sanders
|
0-0: Ball 1-0: Called Strike 1-1: Called Strike 1-2: Foul Ball, location: 9LMF 1-2: Ball 2-2: Strikes out swinging
|
|
Batting: RHB Tim Campbell
|
0-0: Called Strike 0-1: Foul Ball, location: 2F 0-2: Ball 1-2: Ball 2-2: Foul Ball, location: 9LSF 2-2: Foul Ball, location: 23F 2-2: Foul Ball, location: 5FF 2-2: Single, Error in OF, E7, batter to second base (Line Drive, 7S, EV 75.0 MPH)
|
|
Batting: RHB Christian Arroyo
|
0-0: Called Strike 0-1: Ball 1-1: Ball 2-1: Swinging Strike 2-2: Strikes out swinging
|
| Bottom of the 6th over - 0 runs, 1 hit, 1 error, 1 left on base; Miami 0 - Milwaukee 1 |
| TOP OF THE 7TH |
|
Miami Marlins batting - Pitching for Milwaukee Brewers : RHP Daryl Scott
|
|
Batting: SHB Bob MacKerchar
|
0-0: Called Strike 0-1: Ball 1-1: Ball 2-1: DOUBLE (Flyball, 8RXD, EV 108.1 MPH)
|
|
Pitching: RHP Cody Allen
|
|
|
Batting: RHB Milton Ramos
|
0-0: Fly out, F9 (Flyball, 9S, EV 84.4 MPH)
|
|
Pinch Hitting: RHB Kurt Newton
|
0-0: Ball 1-0: Called Strike 1-1: Swinging Strike 1-2: Foul Ball, location: 23F 1-2: Ball 2-2: Strikes out swinging
|
|
Batting: RHB Kris Thompson
|
0-0: Swinging Strike 0-1: Foul Ball, location: 5FF 0-2: Strikes out swinging
|
| Top of the 7th over - 0 runs, 1 hit, 0 errors, 1 left on base; Miami 0 - Milwaukee 1 |
| BOTTOM OF THE 7TH |
|
Milwaukee Brewers batting - Pitching for Miami Marlins : RHP Marcus Stroman
|
|
Pitching: LHP Robby Parkinson
|
|
|
Now in CF: Daryl Hatfield
|
|
|
Now in RF: Kurt Newton
|
|
|
Batting: RHB A.J. Jimenez
|
0-0: Fly out, F6 (Line Drive, 6, EV 69.4 MPH)
|
|
Batting: RHB Jim Smith
|
0-0: Swinging Strike 0-1: Ball 1-1: Called Strike 1-2: Strikes out swinging
|
|
Batting: RHB Dave Thomas
|
0-0: Foul Ball, location: 2F 0-1: Foul Ball, location: 2F 0-2: Ball 1-2: Fly out, F3 (Line Drive, 34D, EV 73.8 MPH)
|
| Bottom of the 7th over - 0 runs, 0 hits, 0 errors, 0 left on base; Miami 0 - Milwaukee 1 |
| TOP OF THE 8TH |
|
Miami Marlins batting - Pitching for Milwaukee Brewers : RHP Cody Allen
|
|
Pitching: LHP Curt Wilkerson
|
|
|
Batting: RHB Edgardo Franco
|
0-0: Ball 1-0: SINGLE (Line Drive, 5D, EV 98.1 MPH)
|
|
Batting: RHB Kurt Daniel
|
0-0: Fly out, F8 (Line Drive, 89D, EV 93.8 MPH)
|
|
Batting: LHB Alan O'Keefe
|
0-0: Ball 1-0: Foul Ball, location: 3F 1-1: Ball 2-1: Ball Wild Pitch! Edgardo Franco to second 3-1: Fly out, F7 (Flyball, 7, EV 86.3 MPH)
|
|
Batting: RHB Sam Jones
|
0-0: Ball 1-0: Ball 2-0: Ball 3-0: Foul Ball, location: 25F 3-1: Base on Balls
|
|
Batting: LHB Daryl Hatfield
|
0-0: DOUBLE (Line Drive, 8LXD, EV 102.5 MPH) Edgardo Franco scores Sam Jones to third
|
|
Batting: SHB Bob MacKerchar
|
0-0: Ball 1-0: Called Strike 1-1: Called Strike 1-2: Strikes out swinging
|
| Top of the 8th over - 1 run, 2 hits, 0 errors, 2 left on base; Miami 1 - Milwaukee 1 |
| BOTTOM OF THE 8TH |
|
Milwaukee Brewers batting - Pitching for Miami Marlins : LHP Robby Parkinson
|
|
Pitching: RHP Dominic Leone
|
|
|
Batting: LHB Billy Wood
|
0-0: Ball 1-0: Swinging Strike 1-1: Ball 2-1: Foul Ball, location: 2F 2-2: Fly out, F3 (Popup, 34, EV 82.5 MPH)
|
|
Batting: LHB Christian Yelich
|
0-0: Called Strike 0-1: Foul Ball, location: 7LDF 0-2: Ball 1-2: Ball 2-2: Foul Ball, location: 2F 2-2: Ball 3-2: Base on Balls
|
|
Batting: RHB Kevin Thompson
|
0-0: Called Strike 0-1: Grounds into double play, 6-4-3 (Groundball, 6, EV 83.8 MPH)
|
| Bottom of the 8th over - 0 runs, 0 hits, 0 errors, 0 left on base; Miami 1 - Milwaukee 1 |
| TOP OF THE 9TH |
|
Miami Marlins batting - Pitching for Milwaukee Brewers : LHP Curt Wilkerson
|
|
Pitching: LHP Ed Gaines
|
|
|
Batting: RHB Milton Ramos
|
0-0: Called Strike 0-1: Ball 1-1: Foul Ball, location: 25F 1-2: Ground out 1-3 (Groundball, 15S, EV 75.0 MPH)
|
|
Batting: RHB Kurt Newton
|
0-0: Ball 1-0: Swinging Strike 1-1: Foul Ball, location: 25F 1-2: Strikes out swinging
|
|
Batting: RHB Kris Thompson
|
0-0: Ball 1-0: Ball 2-0: Swinging Strike 2-1: Ball 3-1: SOLO HOME RUN (Flyball, 9D, EV 99.4 MPH), Distance : 382 ft
|
|
Batting: RHB Edgardo Franco
|
0-0: Ball 1-0: Fly out, F5 (Popup, 56S, EV 83.8 MPH)
|
| Top of the 9th over - 1 run, 1 hit, 0 errors, 0 left on base; Miami 2 - Milwaukee 1 |
| BOTTOM OF THE 9TH |
|
Milwaukee Brewers batting - Pitching for Miami Marlins : RHP Dominic Leone
|
|
Pitching: RHP Dan Reynolds
|
|
|
Batting: RHB Steve Sanders
|
0-0: Foul Ball, location: 7LSFF 0-1: Ball 1-1: DOUBLE (Flyball, 8RXD, EV 110.6 MPH)
|
|
Batting: RHB Tim Campbell
|
0-0: Foul Ball, location: 5F 0-1: Swinging Strike 0-2: Ball 1-2: Fly out, F8 (Flyball, 8RD, EV 100.6 MPH)
|
|
Pinch Hitting: LHB Isan Diaz
|
0-0: Ball 1-0: Swinging Strike 1-1: Foul Ball, location: 2F 1-2: Strikes out swinging
|
|
Batting: RHB A.J. Jimenez
|
0-0: Ball 1-0: Foul Ball, location: 25F 1-1: Called Strike 1-2: Ground out 6-3 (Groundball, 6, EV 85.0 MPH)
|
| Bottom of the 9th over - 0 runs, 1 hit, 0 errors, 1 left on base; Miami 2 - Milwaukee 1 |
|